Unix NetHack Version 5.0.0-0 post-release - last build May 31 2026 23:59:36 (970b52f25bf058293b47ddfd14a1e40e571c508c,branch:main).

Game began 2026-06-08 12:48:15, ended 2026-06-08 13:38:52.

AndiBanandi, lawful female dwarven Valkyrie

 ---------
 |.......| $                                         $    $
 |.....*.|          *$                                      $      -------
 |........#                        $                           )   |.....|
 |.......|`#######     *                                           |.....|
 ------.--       ###                                     $     #   |.....|
      ##           ##$                                  `##########......|
      #        -------     ############$          -------#     #   |.....|
      #        |.....|  ###[  ---------           |.....|#         -----.-
      #        |.....|  #    #......^@'#    **    |.....|#
      #        |.....|###    #|.......|#          |......# $
      #       #-......###     |.......|####!###   |.....|
   ---$---  ###|....{|        |......[|       ##[#.[....|
   |...."|  #  -------        |.......|           -------
   |.....|  #                 |......`|
   |.`^..|  #     $     $     ---------
   |<....[###        *                              $    $               $
   |.....|              *
   -------        $       $

AndiBanandi the Fighter     St:18/05 Dx:9 Co:18 In:9 Wi:8 Ch:8  Lawful
Dlvl:7  $:119 HP:0(60) Pw:8(8) AC:6  Xp:6 T:3024  Conf

Latest messages:
 You are still in a pit.
 You miss the fog cloud.
 You miss the fog cloud.
 You miss the fog cloud.
 The fog cloud engulfs you!
 You are released from the trap!
 You are laden with moisture and can barely breathe!
 You are enveloped in a cloud of steam!
 You hit the fog cloud.
 You hit the fog cloud.
 You destroy the fog cloud!
 You escape a pit.
 Something is written here in the dust.
 You read: "  ?c v?? ??r?".
 You see a gas cloud dissipate.
 You see a gas cloud dissipate.
 You hit the giant beetle!
 You see a gas cloud dissipate.
 You hit the giant beetle!
 The gold golem hits!
 The gold golem hits again!
 You miss the giant beetle.
 The gold golem hits!
 The gold golem hits again!
 You hit the giant beetle!
 You kill the giant beetle!
 You hit the gold golem!
 The gold golem hits!
 The gold golem hits again!
 What do you want to drink? [hi or ?*] ?
 Ooph!  This tastes like liquid fire!
 Call an orange potion: booze?
 You miss the gold golem.
 You miss the gold golem.
 You hit the gold golem!
 What do you want to drink? [h or ?*] ?
 What do you want to drink? [h or ?*] h
 You detect the presence of objects.
 (For instructions type a '?')
 Done.
 The gold golem hits!
 The gold golem hits again!
 You hit the gold golem!
 The gold golem hits!
 You die...
 Do you want your possessions identified? [ynq] (y) y
 Do you want to see your attributes? [ynq] (y) y
 Do you want an account of creatures vanquished? [ynaq] (y) y
 Do you want to see your conduct and achievements? [ynq] (y) y
 Do you want to see the dungeon overview? [ynq] (y) y

Inventory:
 Coins    ('$')
  $ - 119 gold pieces
 Weapons  (')')
  k - 29 +0 darts
  b - a +0 dagger (alternate weapon; not wielded)
  a - a +1 dwarvish spear (weapon in right hand)
  o - a +0 orcish dagger
  x - a +0 orcish short sword
 Armor    ('[')
  p - an uncursed +0 orcish helm
  C - an uncursed +0 orcish helm
  D - an uncursed +0 pair of iron shoes
  c - an uncursed +3 small shield (being worn)
  E - a blessed +1 orcish cloak
 Comestibles  ('%')
  f - an uncursed tin of szechuan kobold meat
  e - an uncursed lichen corpse
 Scrolls  ('?')
  j - an uncursed scroll of charging
  t - an uncursed scroll of identify
  y - a blessed scroll of light
  w - an uncursed scroll of remove curse
  v - an uncursed scroll of teleportation
 Spellbooks  ('+')
  A - an uncursed spellbook of detect unseen
 Tools    ('(')
  B - an uncursed sack containing 4 items
  z - a magic marker (0:77)
  l - a cursed tin opener
 Gems/Stones  ('*')
  u - a cursed loadstone named loadstone

Contents of the sack:
  an uncursed worthless piece of violet glass
  an uncursed worthless piece of white glass
  a cursed worthless piece of white glass
  an uncursed worthless piece of yellowish brown glass

AndiBanandi the Valkyrie's attributes:

Background:
 You were a Fighter, a level 6 dwarven Valkyrie.
 You were lawful, on a mission for Tyr
 who was opposed by Odin (neutral) and Loki (chaotic).
 You were right-handed.
 You were in the Dungeons of Doom, on level 7.
 You entered the dungeon 3024 turns ago.
 You had 373 experience points, 267 more were needed to attain level 7.

Basics:
 You had 0 out of 60 hit points.
 You had all 8 energy points (spell power).
 Your armor class was 6.
 Your wallet contained 119 zorkmids.
 Autopickup was on for '$"/!?+' plus thrown.

Final Characteristics:
 Your strength was 18/05 (limit:18/100).
 Your dexterity was 9 (limit:20).
 Your constitution was 18 (limit:20).
 Your intelligence was 9 (limit:16).
 Your wisdom was 8 (limit:16).
 Your charisma was 8 (limit:16).

Final Status:
 You were confused.
 You weren't hungry.
 You were unencumbered.
 You were wielding a spear.
 You had basic skill with spear and could have enhanced that.

Final Attributes:
 You were piously aligned.
 You were cold resistant.
 You had infravision.
 You were stealthy.
 You are dead.

Miscellaneous:
 You encountered 1 bones level.
 Total elapsed playing time was 34 minutes and 33 seconds.

Major events:
 Turn
    1: AndiBanandi the lawful dwarven Valkyrie entered the dungeon
  752: attained the rank of Skirmisher (level 3)
 2972: attained the rank of Fighter (level 6)
 3024: killed by a gold golem

You didn't know any spells.

Skills:
 Fighting Skills
   bare handed combat [Unskilled]
   two weapon combat  [Unskilled]
   riding             [Unskilled]
 Weapon Skills
   dagger             [Basic]
   axe                [Unskilled]
   pick-axe           [Unskilled]
   short sword        [Unskilled]
   broadsword         [Unskilled]
   long sword         [Unskilled]
   two-handed sword   [Unskilled]
   saber              [Unskilled]
   hammer             [Unskilled]
   quarterstaff       [Unskilled]
   polearms           [Unskilled]
   spear              [Basic]
   trident            [Unskilled]
   lance              [Unskilled]
   sling              [Unskilled]
 Spellcasting Skills
   attack spells      [Unskilled]
   escape spells      [Unskilled]

Voluntary challenges:
 Character rerolling was not enabled.
 You never genocided any monsters.
 You never polymorphed an object.
 You never changed form.
 You used no wishes.
Achievements:
 You attained the rank of Skirmisher.
 You attained the rank of Fighter.

 The Dungeons of Doom: levels 1 to 7
    Level 1:
       Some fountains.
    Level 2:
    Level 3:
       Some fountains.
    Level 4:
    Level 5:
       A fountain.
    Level 6:
       A fountain.
    Level 7: <- You were here.
       A fountain.
       Final resting place for
          you, killed by a gold golem,
          IanCurtis-Wiz-Elf-Mal-Cha, killed by a human mummy of flandre,
          flandre-Sam-Hum-Fem-Cha, killed by a dwarf mummy.


Vanquished creatures:
 an elf mummy
  a giant beetle
  a dingo
  a mountain nymph
  3 Uruk-hai
  a pony
  a fog cloud
  a yellow light
  3 giant ants
  a floating eye
  a homunculus
  2 centipedes
  a monkey
  2 dwarf zombies
  5 iguanas
  4 acid blobs
  2 large kobolds
  2 giant rats
  3 cave spiders
  a brown mold
  a green mold
  2 geckos
  2 jackals
  3 kobolds
  a goblin
  4 sewer rats
  3 grid bugs
  a bat
  a lichen
  4 newts
59 creatures vanquished.

No species were genocided or became extinct.

Game over:
                       ----------
                      /          \
                     /    REST    \
                    /      IN      \
                   /     PEACE      \
                  /                  \
                  |   AndiBanandi    |
                  |      119 Au      |
                  | killed by a gold |
                  |      golem       |
                  |                  |
                  |                  |
                  |       2026       |
                 *|     *  *  *      | *
        _________)/\\_//(\/(/\)/\//\/|_)_______

Farvel AndiBanandi the Valkyrie...

You died in The Dungeons of Doom on dungeon level 7 with 1940 points,
and 119 pieces of gold, after 3024 moves.
You were level 6 with a maximum of 60 hit points when you died.

